 Dungeon Crawl Stone Soup version 0.30-a0-634-g8abc85282e (webtiles) character file.

Game seed: 16553782030043779288

4 ryw the Sneak (level 1, 0/19 HPs)
             Began as a Draconian Delver on Jan 14, 2023.
             Slain by an adder (1 damage)
             ... on level 4 of the Dungeon.
             The game lasted 00:00:56 (119 turns).

ryw the Sneak (Draconian Delver)                     Turns: 119, Time: 00:00:57

Health: 0/19       AC:  4    Str: 14    XL:     1   Next: 50%
Magic:  1/1        EV: 12    Int: 10    God:
Gold:   0          SH:  0    Dex: 12    Spells: 0/0 levels left

rFire   . . .      SeeInvis .    a - +0 falchion
rCold   . . .      Faith    .    (no shield)
rNeg    . . .      Spirit   .    (body armour unavailable)
rPois   .          Reflect  .    (helmet restricted)
rElec   .          Harm     .    (no cloak)
rCorr   .          Rampage  .    (no gloves)
Will    .....                    (no boots)
Stlth   +++                      (no amulet)
HPRegen 0.23/turn                (no ring)
MPRegen 0.07/turn                (no ring)

@: lethally poisoned (0 -> -5)
A: AC +4, unfitting armour, cold-blooded
a: no special abilities


You were on level 4 of the Dungeon.
You visited 1 branch of the dungeon, and saw 2 of its levels.

Inventory:

Hand Weapons
 a - a +0 falchion (weapon)
 g - a +0 halberd of distortion
Wands
 f - a wand of digging (5)
Scrolls
 b - a scroll of fog
 c - a scroll of magic mapping
 d - a scroll of fear
Potions
 e - a potion of haste


   Skills:
 + Level 3.4 Fighting
 - Level 2.1 Long Blades
 + Level 1.9 Dodging
 - Level 4.5 Stealth


You couldn't memorise any spells.
You didn't know any spells.
Your spell library was empty.

Dungeon Overview and Level Annotations

Branches:
Dungeon (5/15)
 Temple: D:4-7

Altars:

Annotations:
D:4 1 runed translucent door, bmack86's ghost, amateur MiFi


Innate Abilities, Weirdness & Mutations

Your plain brown scales are hard. (AC +4)
You cannot fit into any form of body armour.
You are cold-blooded and may be slowed by cold attacks.


Message History

Found a brown potion.
An adder comes into view.
Found a stone staircase leading down.
The adder hisses angrily.
The adder hisses angrily.
The adder misses you.
You closely miss the adder. The adder completely misses you.
The adder bites you.
You hit the adder.
The adder is lightly wounded.
The adder closely misses you.
You hit the adder.
The adder is moderately wounded.
The adder closely misses you. The adder bites you.
You are poisoned.
The adder poisons you!
You miss the adder.
The adder is moderately wounded.
You feel sick. The adder completely misses you.
Bmack86's ghost screams, "Do you think the gods will protect you?"
You barely miss the adder.
The adder is moderately wounded.
You feel sick. The adder bites you but does no damage. The adder bites you.
You are lethally poisoned!
The adder poisons you!
You are too injured to fight recklessly!
You are too injured to fight recklessly!
You are too injured to fight recklessly!
Okay, then.
Unknown command.
You miss the adder.
Your tail-slap misses the adder.
The adder is moderately wounded.
You feel very sick. The adder bites you.
* * * LOW HITPOINT WARNING * * *
You closely miss the adder.
Your tail-slap misses the adder.
The adder is moderately wounded.
* * * LOW HITPOINT WARNING * * *
You feel sick. The adder bites you.
You die...

#########
........# ######
....!>..# ####
#..... ........#
#..## #.....
........# #...#
#..... ......S.##
#...# #.....
#@.#####..# #.....
##...####.###.####
##.....#...†.#
##+##...#.###
#rWS###.....#
#S~~# #.#...####
#~~~###.#.#.....
#~~~#........###
#~!~#.####.#..##


You could see bmack86's ghost and 2 adders.

Vanquished Creatures
  An orc (D:4)
  A hobgoblin (D:4)
  A ball python (D:4)
3 creatures vanquished.

Notes
Turn   | Place    | Note
-------+----------+-------------------------------------------
     0 | D:5      | ryw the Draconian Delver began the quest for the Orb.
     0 | D:5      | Reached XP level 1. HP: 19/19 MP: 1/1
    37 | D:4      | Noticed a jelly
    84 | D:4      | Found a runed translucent door.
    85 | D:4      | Noticed bmack86's ghost (amateur MiFi)
   119 | D:4      | Slain by an adder

Illustrated notes

Levels and vault maps discovered:
D:4:      layout_rooms, serial_shops, shop, ebering_ghost_sewer_f,
          small_statue_intersection
D:5:      layout_basic, nzn_hepliaklqana_mist_gate,
          mainiacjoe_overflow_brackets, tso_oasis_becter,
          minmay_temple_entry_poolview, minmay_misc_feat_ornament, uniq_duvessa,
          uniq_menkaure, uniq_prince_ribbit1

Action                   || total
-------------------------++-------
Melee: Falchion          ||    21
       Tailslap          ||     2
Armor: Skin              ||     4
Dodge: Dodged            ||    15

Table legend: (Time is in decaauts)
 A = Elapsed time spent in this place.
 B = Non-inter-level travel time spent in this place.
 C = Inter-level travel time spent in this place.
 D = Time resting spent in this place.
 E = Time spent auto-exploring this place.
 F = Levels seen in this place.
 G = Mean time per level.
                   A        B        C        D        E       F      G
               +--------+--------+--------+--------+--------+-----+--------+
         Total |    122 |    122 |      0 |      0 |     27 |   2 |   61.0 |
       Dungeon |    122 |    122 |      0 |      0 |     27 |   2 |   61.0 |
               +--------+--------+--------+--------+--------+-----+--------+

Top non-repeatable levels by time:
     D:4: 113 daAuts
     D:5: 9 daAuts
